 Dungeon Crawl Stone Soup version 0.21-a0-529-g8c7b3f5 (webtiles) character file.

756 Nirn the Cleaver (level 7, -4/50 HPs)
             Began as a Demonspawn Gladiator on Dec 9, 2017.
             Slain by an ogre
             ... wielding a +0 giant spiked club
              (16 damage)
             ... on level 5 of the Dungeon.
             The game lasted 00:14:34 (5537 turns).

Nirn the Cleaver (Demonspawn Gladiator)             Turns: 5537, Time: 00:14:35

Health: -4/50      AC: 14    Str: 16    XL:     7   Next: 50%
Magic:  7/7        EV:  7    Int:  9    God:
Gold:   202        SH:  0    Dex: 15    Spells: 6/6 levels left

rFire    . . .     SeeInvis .   a - +0 war axe
rCold    . . .     Gourm    .   (no shield)
rNeg     . . .     Faith    .   h - +0 chain mail
rPois    .         Spirit   .   c - +1 helmet
rElec    .         Reflect  .   b - scarf {repulsion}
rCorr    .         Harm     .   (no gloves)
MR       .....                  (no boots)
Stlth    ..........             (no amulet)
HPRegen  0.16/turn              (no ring)
MPRegen  0.10/turn              (no ring)

@: repel missiles
A: iridescent scales 2, powered by pain 3
a: no special abilities


You were on level 5 of the Dungeon.
You were not hungry.

You visited 1 branch of the dungeon, and saw 5 of its levels.

You collected 202 gold pieces.

Inventory:

Hand Weapons
 a - a +0 war axe (weapon)
Missiles
 d - 5 throwing nets (quivered)
Armour
 b - a scarf of repulsion (worn)
 c - a +1 helmet (worn)
 h - a +0 chain mail (worn)
Wands
 u - a wand of iceblast (9)
Scrolls
 e - a scroll of immolation
 g - 2 scrolls of teleportation
 k - a scroll of amnesia
 m - a scroll of magic mapping
 s - 2 scrolls of identify
Potions
 j - 2 potions of degeneration {unknown}
 l - a potion of mutation {unknown}
 n - 2 potions of berserk rage {unknown}
 o - 3 potions of lignification {unknown}
 p - 4 potions of haste
Comestibles
 f - 3 bread rations
 i - 2 meat rations
 q - a royal jelly


   Skills:
 - Level 2.0 Fighting
 + Level 8.2 Axes
 - Level 1.7 Throwing
 - Level 2.6 Dodging


You had 6 spell levels left.
You didn't know any spells.

Dungeon Overview and Level Annotations

Branches:
Dungeon (5/15)
 Temple: D:4-7

Altars:


Innate Abilities, Weirdness & Mutations

You are mostly covered in iridescent scales. (AC +4)
You are powered by pain.


Message History

The adder bites you but does no damage.
You closely miss the centaur.
The centaur is almost dead.
You closely miss the adder. The centaur barely misses you.
The adder barely misses you. The centaur closely misses you.
The adder closely misses you.
You slash the centaur!
You kill the centaur!
Your Axes skill increases to level 8!
You hit the adder. The adder barely misses you.
You slash the adder!
You kill the adder!
You slash the ogre!
The ogre hits you with a giant spiked club!!
* * * LOW HITPOINT WARNING * * *
You are too injured to fight recklessly!
You barely miss the ogre.
The ogre is moderately wounded.
The ogre hits you with a giant spiked club!
You die...

##################
......O@(.<..(....
##.#####.#######..
#.# ..# .8.# ...!.
.8.### ####


You could see an ogre.

Vanquished Creatures
  The ghost of anet the Magician, an amateur DEWz (D:4)
  An ogre (D:4)
  A centaur (D:5)
  A centaur skeleton (D:4)
  A bullfrog skeleton (D:5)
  A hound (D:4)
  Natasha (thrice) (D:3)
  3 worker ants (D:4)
  8 adders
  2 river rats (D:3)
  An ooze (D:2)
  6 worms
  2 dart slugs
  4 leopard geckos
  9 orcs
  2 giant cockroaches
  9 goblins
  6 hobgoblins
  4 jackals (D:4)
  6 kobolds
  4 quokkas
  5 bats
  4 frilled lizards
  13 rats
97 creatures vanquished.

Notes
Turn   | Place    | Note
-------+----------+-------------------------------------------
     0 | D:1      | Nirn the Demonspawn Gladiator began the quest for the Orb.
     0 | D:1      | Reached XP level 1. HP: 16/16 MP: 1/1
   237 | D:1      | Reached skill level 3 in Axes
   247 | D:1      | Gained mutation: You are partially covered in iridescent scales. (AC +2) [demonic ancestry]
   247 | D:1      | Reached XP level 2. HP: 9/22 MP: 2/2
  1218 | D:2      | Reached skill level 4 in Axes
  1218 | D:2      | Gained mutation: You sometimes gain a little power by taking damage. [demonic ancestry]
  1218 | D:2      | Reached XP level 3. HP: 26/27 MP: 3/3
  1846 | D:2      | Reached XP level 4. HP: 33/33 MP: 4/4
  2531 | D:3      | HP: 1/33 [poisoned by a kobold]
  3256 | D:3      | Reached skill level 5 in Axes
  3352 | D:3      | Noticed Natasha
  3359 | D:3      | Killed Natasha
  3359 | D:3      | Gained mutation: You sometimes gain power by taking damage. [demonic ancestry]
  3359 | D:3      | Reached XP level 5. HP: 18/38 MP: 5/5
  3374 | D:3      | Noticed Natasha
  3540 | D:3      | Killed Natasha
  3664 | D:3      | Noticed Natasha
  3693 | D:3      | Killed Natasha
  4195 | D:3      | Reached skill level 6 in Axes
  4399 | D:4      | Noticed an ogre
  4506 | D:4      | Gained mutation: You are mostly covered in iridescent scales. (AC +4) [demonic ancestry]
  4506 | D:4      | Reached XP level 6. HP: 12/44 MP: 6/6
  4768 | D:4      | Noticed anet's ghost (amateur DEWz)
  4845 | D:4      | Killed anet's ghost
  4845 | D:4      | Reached skill level 7 in Axes
  4961 | D:4      | Gained mutation: You are powered by pain. [demonic ancestry]
  4961 | D:4      | Reached XP level 7. HP: 22/50 MP: 7/7
  5414 | D:5      | Entered Level 5 of the Dungeon
  5480 | D:5      | Noticed a two-headed ogre
  5535 | D:5      | Reached skill level 8 in Axes
  5537 | D:5      | Slain by an ogre

Vault maps used:
D:1:      dpeg_arrival_brainrot
D:2:      first_bread
D:3:      lightli_sewer_entry_pipes, uniq_natasha
D:5:      minmay_temple_entry_statues_pillars, minmay_misc_feat_x,
          minmay_misc_feat_chi, hangedman_decor_diamond_cutter

Skill      XL: |  1  2  3  4  5  6  7 |
---------------+----------------------+-----
Axes           | 3 4 5 6 7 8 |  8.2
Fighting       | |  2.0
Throwing       | |  1.7
Dodging        | |  2.6

Action                   |  1- 3 |  4- 6 |  7- 9 || total
-------------------------+-------+-------+-------++-------
Melee: War axe           |   102 |   214 |    37 ||   353
  Use: Scroll            |       |     9 |     1 ||    10
  Eat: Chunk             |     3 |    10 |     2 ||    15
Armor: Ring mail         |     5 |       |       ||     5
       Leather armour    |     2 |       |       ||     2
       Chain mail        |    44 |   149 |    27 ||   220
Dodge: Dodged            |    52 |    73 |    23 ||   148
       Deflected         |       |     3 |     2 ||     5

Table legend:
 A = Spawn XP
 B = Non-spawn XP
 C = Spawn XP percentage of total XP
 D = Spawn monster count
 E = Non-spawn monster count
 F = Spawn count percentage of total count
 G = Total turns spent on level
                    A         B        C        D         E        F      G
               +---------+---------+-------+---------+---------+-------+---------
         Total |       0 |    1080 |   0.0 |       0 |      97 |   0.0 |  5537
               +---------+---------+-------+---------+---------+-------+---------
           D:1 |       0 |      30 |   0.0 |       0 |      17 |   0.0 |  1138
           D:2 |       0 |      75 |   0.0 |       0 |      19 |   0.0 |  1732
           D:3 |       0 |     240 |   0.0 |       0 |      40 |   0.0 |  1625
           D:4 |       0 |     572 |   0.0 |       0 |      18 |   0.0 |   951
           D:5 |       0 |     163 |   0.0 |       0 |       3 |   0.0 |    91
               +---------+---------+-------+---------+---------+-------+---------
